 Dungeon Crawl Stone Soup version 0.30-a0-596-g0af90f9a20 (webtiles) character file.

Game seed: 4759700172286767125

14 Clinker the Ruffian (level 2, -4/26 HPs)
             Began as a Ghoul Monk on Jan 6, 2023.
             Slain by a worm (7 damage)
             ... on level 2 of the Dungeon.
             The game lasted 00:04:43 (1247 turns).

Clinker the Ruffian (Ghoul Monk)                    Turns: 1247, Time: 00:04:44

Health: -4/26      AC:  2    Str: 14    XL:     2   Next: 45%
Magic:  1/1        EV: 12    Int:  5    God:
Gold:   67         SH:  0    Dex: 11    Spells: 1/1 levels left

rFire   . . .      SeeInvis .      - Unarmed
rCold   + . .      Faith    .    (no shield)
rNeg    + + +      Spirit   .    a - +0 robe
rPois   ∞          Reflect  .    (no helmet)
rElec   .          Harm     .    (no cloak)
rCorr   .          Rampage  .    (no gloves)
Will    .....                    (no boots)
Stlth   ++                       (no amulet)
HPRegen 0.00/turn                (no ring)
MPRegen 0.07/turn                (no ring)

@: inhibited regen
A: claws 1, cold resistance 1, negative energy resistance 3, inhibited
regeneration, torment resistance 2, devour on kill
a: no special abilities


You were on level 2 of the Dungeon.
You visited 1 branch of the dungeon, and saw 2 of its levels.

You collected 67 gold pieces.

Inventory:

Missiles
 c - 25 stones (quivered)
Armour
 a - a +0 robe (worn)
Scrolls
 e - 2 scrolls of brand weapon
Potions
 b - a potion of ambrosia
 d - a potion of lignification {unknown}


   Skills:
 + Level 3.5 Fighting
 + Level 2.9 Dodging
 + Level 2.3 Stealth
 + Level 3.6 Unarmed Combat


You had one spell level left.
You didn't know any spells.
Your spell library was empty.

Dungeon Overview and Level Annotations

Branches:
Dungeon (2/15)

Altars:


Innate Abilities, Weirdness & Mutations

You are immune to poison.
You have sharp fingernails.
Your flesh is cold resistant. (rC+)
You are immune to negative energy. (rN+++)
You do not regenerate when monsters are visible.
You are immune to unholy pain and torment.
You thrive by killing the living.


Message History

The bat closely misses you. The dart slug barely misses you.
The bat barely misses you. The worm closely misses you.
Attack: -) Claws
Press: ? - help, Dir - move target, f - worm
Aim: a worm (lightly wounded, about 21% to evade your claws)
You scratch the worm.
The worm is moderately wounded.
The bat hits you. x2
The dart slug launches a dart at you. The slug dart misses you.
Attack: -) Claws
Press: ? - help, Dir - move target, f/p - worm
Aim: a worm (moderately wounded, about 21% to evade your claws)
You barely miss the worm.
The worm is moderately wounded.
The bat hits you. The bat closely misses you. The worm bites you!
Attack: -) Claws
Press: ? - help, Dir - move target, f/p - worm
Aim: a worm (moderately wounded, about 21% to evade your claws)
You scratch the worm.
The worm is moderately wounded.
The bat misses you. The bat barely misses you. The dart slug barely misses you.
Attack: -) Claws
Press: ? - help, Dir - move target, f/p - worm
Aim: a worm (moderately wounded, about 21% to evade your claws)
You scratch the worm but do no damage.
The worm is moderately wounded.
The bat closely misses you. The worm bites you!
* * * LOW HITPOINT WARNING * * *
The dart slug launches a dart at you. The slug dart hits you.
* * * LOW HITPOINT WARNING * * *
Attack: -) Claws
Press: ? - help, Dir - move target, f/p - worm
Aim: a worm (moderately wounded, about 21% to evade your claws)
You scratch the worm.
The worm is heavily wounded.
The bat hits you but does no damage. The bat closely misses you.
The worm bites you!
You die...

##############
##.....##.....##
##..............##
#................#
#..............wb#
#..............w@#
#................#
...)...<............
#................###
##...............#
##.....##.......#
###..########.##
..## .. .###


You could see a worm, a dart slug and a bat.

Vanquished Creatures
  2 endoplasms (D:1)
  2 giant cockroaches (D:1)
  A goblin (D:1)
  A hobgoblin (D:1)
  2 kobolds
  A ball python (D:1)
  A bat (D:1)
  3 frilled lizards (D:1)
  A rat (D:1)
14 creatures vanquished.

Notes
Turn   | Place    | Note
-------+----------+-------------------------------------------
     0 | D:1      | Clinker the Ghoul Monk began the quest for the Orb.
     0 | D:1      | Reached XP level 1. HP: 19/19 MP: 0/0
   462 | D:1      | Reached XP level 2. HP: 26/26 MP: 1/1
  1247 | D:2      | Slain by a worm

Illustrated notes

Levels and vault maps discovered:
D:1:      dpeg_arrival_circle_labyrinth_b, layout_basic, serial_forest,
          infiniplex_forest_lined_4_way, infiniplex_forest_lined_room_2,
          infiniplex_forest_zigzag_2, infiniplex_forest_end_1,
          infiniplex_forest_lined_room_2, infiniplex_forest_clump_small,
          infiniplex_forest_clump_small, infiniplex_forest_lined_3_way
D:2:      layout_rooms, uniq_crazy_yiuf_cottage

Action                   || total
-------------------------++-------
Melee: Unarmed           ||    44
       Punch             ||     1
Throw: Stone             ||     1
  Use: Scroll            ||     3
       Potion            ||     2
 Stab: Sleeping          ||     1
Armor: Robe              ||    19
Dodge: Dodged            ||    55

Table legend: (Time is in decaauts)
 A = Elapsed time spent in this place.
 B = Non-inter-level travel time spent in this place.
 C = Inter-level travel time spent in this place.
 D = Time resting spent in this place.
 E = Time spent auto-exploring this place.
 F = Levels seen in this place.
 G = Mean time per level.
                   A        B        C        D        E       F      G
               +--------+--------+--------+--------+--------+-----+--------+
         Total |   1243 |   1243 |      0 |      0 |    484 |   2 |  621.5 |
       Dungeon |   1243 |   1243 |      0 |      0 |    484 |   2 |  621.5 |
               +--------+--------+--------+--------+--------+-----+--------+

Top non-repeatable levels by time:
     D:1: 1205 daAuts
     D:2: 38 daAuts
